 Dungeon Crawl Stone Soup version 0.24.0-13-gcf9b3192b9 (console) character file.

Game seed: 12486808985980149477, levelgen mode: deterministic

39 AlterAsc the Insei (level 3, -1/18 HPs)
             Began as a Vine Stalker Transmuter on Nov 9, 2019.
             Slain by a worm (3 damage)
             ... on level 2 of the Dungeon.
             The game lasted 00:01:28 (1031 turns).

AlterAsc the Insei (Vine Stalker Transmuter)        Turns: 1031, Time: 00:01:29

Health: -1/18      AC:  5    Str: 13    XL:     3   Next: 47%
Magic:  0/7        EV: 12    Int: 13    God:
Gold:   35         SH:  0    Dex: 14    Spells: 6/7 levels left

rFire    . . .     SeeInvis .     - Unarmed
rCold    . . .     Gourm    .   (no shield)
rNeg     . . .     Faith    .   b - +0 robe
rPois    .         Spirit   +   (no helmet)
rElec    .         Reflect  .   (no cloak)
rCorr    .         Harm     .   h - +2 pair of gloves
MR       .....                  (no boots)
Stlth    +.........             (no amulet)
HPRegen  0.06/turn              (no ring)
MPRegen  0.10/turn              (no ring)

@: no status effects
A: fangs 2, magic shield, antimagic bite, no potion heal 3, rot immunity
a: no special abilities


You were on level 2 of the Dungeon.
You were not hungry.

You visited 1 branch of the dungeon, and saw 2 of its levels.

You collected 35 gold pieces.

Inventory:

Missiles
 a - 12 arrows
Armour
 b - a +0 robe (worn)
 h - a +2 pair of gloves (worn)
 j - a +0 scale mail
Scrolls
 e - 3 scrolls of identify {unknown}
 g - a scroll of noise {unknown}
Potions
 c - 3 potions of curing {unknown}
 i - a potion of cancellation {unknown}
Comestibles
 d - a ration
 f - 3 chunks of flesh


   Skills:
 + Level 1.4 Fighting
 - Level 1.7 Dodging
 * Level 3.4 Unarmed Combat
 + Level 2.5 Spellcasting
 * Level 2.6 Transmutations


You had 6 spell levels left.
You knew the following spells:

 Your Spells              Type           Power        Failure   Level  Hunger
a - Beastly Appendage     Tmut           #.....       9%          1    #......

Your spell library contained the following spells:

 Spells                   Type           Power        Failure   Level  Hunger
 Sticks to Snakes         Tmut           #.......     13%         2    ###....
 Spider Form              Tmut/Pois      #.........   38%         3    ###....
 Ice Form                 Ice/Tmut       #.......     80%         4    #####..
 Blade Hands              Tmut           #.........   93%         5    ######.


Dungeon Overview and Level Annotations

Branches:
Dungeon (2/15)

Altars:


Innate Abilities, Weirdness & Mutations

You have extremely sharp teeth.
When hurt, damage is shared between your health and your magic reserves.
Your bite disrupts and absorbs the magic of your enemies.
Potions cannot restore your health.
You are immune to rotting.


Message History

* * * LOW HITPOINT WARNING * * *
You completely miss the worm. You bite the worm. You drain its power.
You feel invigorated.
The worm is moderately wounded.
You barely miss the worm.
The worm is moderately wounded.
The worm bites you.
* * * LOW HITPOINT WARNING * * *
You barely miss the worm. Your bite misses the worm.
The worm is lightly wounded.
Your magical contamination has completely faded away.
You hit the worm.
The worm is moderately wounded.
The worm barely misses you.
You hit the worm but do no damage.
The worm is moderately wounded.
You hit the worm. You bite the worm. You drain its power.
You feel invigorated.
The worm is severely wounded.
The worm bites you.
You die...

..$.......#
#........#
#.......#
#.......#
#...(...#
#.......#
#.......#
#####w### #)@(#
##.(## ##..##
#...# ### #.#.#
#.. #.#(#
#.#######.#.#
#####.##......#.#
.........######.#


You could see a worm.

Vanquished Creatures
  An adder (D:1)
  2 oozes (D:1)
  A worm (D:1)
  A dart slug (D:1)
  A leopard gecko (D:1)
  A bat (D:1)
  2 goblins (D:1)
  3 hobgoblins (D:1)
  2 frilled lizards (D:1)
  3 kobolds
  A rat (D:1)
18 creatures vanquished.

Notes
Turn   | Place    | Note
-------+----------+-------------------------------------------
     0 | D:1      | AlterAsc the Vine Stalker Transmuter began the quest for
                  | the Orb.
     0 | D:1      | Reached XP level 1. HP: 9/9 MP: 4/4
    70 | D:1      | Reached skill level 1 in Fighting
   123 | D:1      | Reached XP level 2. HP: 13/14 MP: 4/6
   928 | D:1      | Reached XP level 3. HP: 10/18 MP: 4/7
  1031 | D:2      | Slain by a worm

Levels and vault maps discovered:
D:1:      mrwooster_arrival_statue_2, layout_basic, minmay_liquid_box
D:2:      layout_rooms, lemuel_crystal_altar, nicolae_gozag_seed_capital,
          chequers_ecumenical_altar_island

Skill      XL: |  1 |
---------------+----+-----
Fighting       | 1 |  1.4
Dodging        | |  1.7
Unarmed Combat | |  3.4
Spellcasting   | |  2.5
Transmutations | |  2.6

Action                   || total
-------------------------++-------
Melee: Unarmed           ||    61
       Bite              ||    18
       Kick              ||     8
       Headbutt          ||     2
 Cast: Beastly Appendage ||    12
  Eat: Chunk             ||     1
Armor: Robe              ||    11
Dodge: Dodged            ||    36
